 Dungeon Crawl Stone Soup version 0.30-a0-715-gdb4ae3ece1 (webtiles) character file.

Game seed: 15430996550046245272

184 browni3141 the Caller (level 5, 0/46 HPs)
             Began as a Naga Summoner on Jan 24, 2023.
             Blown up by Ijyb (17 damage)
             ... with a mindburst bolt
             ... on level 3 of the Dungeon.
             The game lasted 00:04:26 (2350 turns).

browni3141 the Caller (Naga Summoner)               Turns: 2350, Time: 00:04:27

Health: 0/46       AC:  3    Str: 11    XL:     5   Next: 64%
Magic:  2/8        EV:  9    Int: 17    God:
Gold:   172        SH:  0    Dex: 11    Spells: 2/8 levels left

rFire   . . .      SeeInvis +    l - +0 spear
rCold   . . .      Faith    .    (no shield)
rNeg    . . .      Spirit   .    a - +0 robe
rPois   +          Reflect  .    (no helmet)
rElec   .          Harm     .    (no cloak)
rCorr   .          Rampage  .    r - +0 pair of gloves
Will    .....                    (no barding)
Stlth   ++                       (no amulet)
HPRegen 0.27/turn                (no ring)
MPRegen 0.11/turn                (no ring)

@: very slow
A: AC +1, large, see invisible, deformed body, poison resistance, slowness 2,
spit poison 1, naga tail 1
a: Spit Poison


You were on level 3 of the Dungeon.
You visited 1 branch of the dungeon, and saw 3 of its levels.
You also visited: Sewer.

You collected 172 gold pieces.

Inventory:

Hand Weapons
 g - a +0 short sword
 l - a +0 spear (weapon)
Armour
 a - a +0 robe (worn)
 r - a +0 pair of gloves (worn)
Scrolls
 d - a scroll of enchant armour {unknown}
 e - 3 scrolls of teleportation
 f - 2 scrolls of brand weapon {unknown}
 k - a scroll of enchant weapon {unknown}
 o - a scroll of fog {unknown}
 q - a scroll of amnesia {unknown}
 s - 2 scrolls of vulnerability {unknown}
Potions
 b - a potion of magic
 c - a potion of curing
 h - a potion of mutation {unknown}
 i - 2 potions of cancellation
 j - a potion of berserk rage {unknown}
 m - 2 potions of flight
 n - a potion of attraction {unknown}
 p - a potion of heal wounds {unknown}
 t - a potion of experience {unknown}


   Skills:
 * Level 2.7 Fighting
 - Level 1.5 Dodging
 - Level 3.0 Stealth
 - Level 2.0 Spellcasting
 - Level 6.0 Summonings


You had 2 spell levels left.
You knew the following spells:

 Your Spells              Type           Power      Damage    Failure   Level
a - Summon Small Mammal   Summ           88%        N/A       1%          1
b - Call Imp              Summ           22%        N/A       2%          2
c - Call Canine Familiar  Summ           22%        N/A       4%          3

Your spell library contained the following spells:

 Spells                   Type           Power      Damage    Failure   Level
 Apportation              Tloc           2%         N/A       19%         1
 Freeze                   Ice            4%         1d3       19%         1
 Necrotise                Necr           4%         1d4       19%         1
 Sandblast                Erth           2%         2d4       19%         1
 Passwall                 Tmut/Erth      0%         N/A       28%         2
 Summon Guardian Golem    Hex/Summ       11%        N/A       17%         3
 Frozen Ramparts          Ice            2%         1d1       50%         3
 Hailstorm                Conj/Ice       1%         3d3       50%         3
 Stone Arrow              Conj/Erth      2%         3d7       50%         3
 Vhi's Electric Charge    Tloc/Air       2%         N/A       50%         3
 Summon Lightning Spire   Summ/Air       11%        N/A       50%         4
 Arcjolt                  Conj/Air       0%         1d10      99%         5
 Maxwell's Capacitive Co  Air            0%         ∞         100%        8


Dungeon Overview and Level Annotations

Branches:
Dungeon (3/15)              Sewer (visited)

Altars:

Annotations:
D:3 Ijyb


Innate Abilities, Weirdness & Mutations

Your serpentine skin is tough. (AC +1)
You have supernaturally acute eyesight. (SInv)
Armour fits poorly on your strangely shaped body.
Your system is resistant to poisons. (rPois)
You cover ground very slowly.
You can spit poison.
You have a snake-like lower body.


Message History

The puff of frost hits the frilled lizard!
The frilled lizard dies!
You barely miss the centaur.
The centaur is almost dead.
You have got your breath back.
The centaur hits you.
* * * LOW HITPOINT WARNING * * *
The centaur kicks you but does no damage.
Ijyb closely misses your hound. The hobgoblin closely misses you.
Your hound bites the centaur.
The centaur dies!
Your white imp misses Ijyb.
Ijyb closely misses your hound. The hobgoblin hits you.
* * * LOW HITPOINT WARNING * * *
Training target 6.0 for Summonings reached!
Your Summonings skill increases to level 6!
You need to enable at least one skill for training.
Training target 2.4 for Fighting reached!
Your Fighting skill increases to level 2!
You need to enable at least one skill for training.
You have reached level 5!
What are your orders? t - Shout!
Orders for allies: a - Attack new target. r - Retreat! s - Stop attacking. g - Guard the area. f - Follow me.
Anything else - Cancel.
Gang up on whom?
Press: ? - help, Dir - move target, f - Ijyb
Aim: Ijyb, wielding a +4 club, wearing a +0 ring mail, wearing an amulet of the acrobat and carrying a wand of mindburst (13) (ally target) Attack!
Your hound bites Ijyb. x2; Your white imp misses Ijyb.
Ijyb zaps a wand.
Your white imp's mind is blasted!!
Your white imp is blown up!
Your white imp disappears in a puff of smoke!
The goblin hits your hound with a +0 club.
The hobgoblin hits you but does no damage.
You feel better.
Your hound bites Ijyb but does no damage.
The goblin misses your hound.
Ijyb zaps a wand.
Your mind is blasted!
You die...

#.#.# #.#.#.#
#.#.#.# #.#.#.#
#.#.#.#
#.####.#.#.#
#....)<#.#.#
#.####g#.#.#
#..gh)@....##
....g§#####..##
...... #...#
..... ##.#.#
..... #....###
###### ####
#......###....#
#.............#
#......†......#
#......##.....#


You could see Ijyb (ally target), a hobgoblin, a goblin and a friendly hound
(summoned).

Vanquished Creatures
  An adder (D:2)
  2 river rats (Sewer)
  An endoplasm (D:2)
  3 giant cockroaches
  4 goblins
  A hobgoblin (D:1)
  A kobold (D:3)
  7 ball pythons
  2 bats (D:2)
  A frilled lizard (D:2)
  7 rats
30 creatures vanquished.

Vanquished Creatures (collateral kills)
  A centaur (D:3)
  A hell rat (Sewer)
  A river rat (Sewer)
  An endoplasm (D:1)
  3 jackals (D:1)
  2 quokkas
  A frilled lizard (D:3)
  2 kobolds
  7 rats (Sewer)
19 creatures vanquished.

Grand Total: 49 creatures vanquished

Notes
Turn   | Place    | Note
-------+----------+-------------------------------------------
     0 | D:1      | browni3141 the Naga Summoner began the quest for the Orb.
     0 | D:1      | Reached XP level 1. HP: 15/15 MP: 3/3
   130 | D:1      | Reached skill level 1 in Fighting
   210 | D:1      | Reached XP level 2. HP: 25/25 MP: 5/5
   667 | D:2      | Learned a level 2 spell: Call Imp
  1265 | D:2      | Reached XP level 3. HP: 21/31 MP: 3/6
  1315 | D:2      | Found a faded altar of an unknown god.
  1825 | D:2      | Reached skill level 5 in Summonings
  1928 | D:3      | Found a glowing drain.
  1984 | D:3      | Learned a level 3 spell: Call Canine Familiar
  1985 | Sewer    | Entered a sewer
  2079 | Sewer    | Reached XP level 4. HP: 26/38 MP: 7/7
  2339 | D:3      | Noticed a centaur
  2343 | D:3      | Noticed Ijyb
  2348 | D:3      | Killed a centaur
  2349 | D:3      | Reached skill level 6 in Summonings
  2349 | D:3      | Reached XP level 5. HP: 6/46 MP: 2/8
  2350 | D:3      | Blown up by Ijyb

Illustrated notes

Levels and vault maps discovered:
D:1:      dpeg_arrival_lava_altar, layout_rooms
D:2:      layout_basic, hellmonk_ecumenical_altar_arch_garden,
          roderic_nine_men_s_morris
D:3:      layout_basic, gammafunk_temple_overflow_elements, serial_corexii_hall,
          chequers_hall_statues_y, chequers_hall_statues_y,
          gup_sewer_entry_glass, nicolae_goblin_pals

Skill      XL: |  1  2  3  4 |
---------------+-------------+-----
Fighting       | 1 2 |  2.7
Summonings     | 5 6 |  6.0
Dodging        | |  1.5
Stealth        | |  3.0
Spellcasting   | |  2.0

Action                     |  1- 3 |  4- 6 || total
---------------------------+-------+-------++-------
  Melee: Unarmed           |     3 |       ||     3
         Spear             |    88 |    35 ||   123
         Short sword       |    12 |       ||    12
   Cast: Summon Small Mamm |     6 |       ||     6
         Call Imp          |     4 |     2 ||     6
         Call Canine Famil |       |     3 ||     3
Ability: Spit Poison       |     7 |     2 ||     9
    Use: Scroll            |     4 |       ||     4
         Potion            |       |     2 ||     2
   Stab: Sleeping          |     6 |     2 ||     8
 Armour: Robe              |    27 |    12 ||    39
  Dodge: Dodged            |    55 |    27 ||    82

Table legend: (Time is in decaauts)
 A = Elapsed time spent in this place.
 B = Non-inter-level travel time spent in this place.
 C = Inter-level travel time spent in this place.
 D = Time resting spent in this place.
 E = Time spent auto-exploring this place.
 F = Levels seen in this place.
 G = Mean time per level.
                   A        B        C        D        E       F      G
               +--------+--------+--------+--------+--------+-----+--------+
         Total |   3034 |   2829 |    205 |    189 |   2120 |   4 |  758.5 |
       Dungeon |   2740 |   2535 |    205 |     27 |   2118 |   3 |  913.3 |
         Sewer |    294 |    294 |      0 |    162 |      2 |   1 |  294.0 |
               +--------+--------+--------+--------+--------+-----+--------+

Top non-repeatable levels by time:
     D:2: 1696 daAuts
     D:1: 847 daAuts
   Sewer: 294 daAuts
     D:3: 196 daAuts
